 Dungeon Crawl Stone Soup version 0.31-a0-166-g46f44d267d (webtiles) character file.

Game seed: 17936290309282356287

347 qw the Shooter (level 6, -9/38 HPs)
             Began as a Gargoyle Hunter on June 13, 2023.
             Mangled by an ogre
             ... wielding a +0 giant club
              (23 damage)
             ... on level 4 of the Dungeon.
             The game lasted 00:00:50 (2288 turns).

qw the Shooter (Gargoyle Hunter)                    Turns: 2288, Time: 00:00:51

Health: -9/38      AC: 12    Str: 17 (18) XL:     6   Next: 59%
Magic:  6/6        EV: 11    Int:  8 (9)  God:
Gold:   183        SH:  0    Dex: 17 (19) Spells: 5/5 levels left

rFire   . . .        Y - +0 shortbow
rCold   . . .        (shield currently unavailable)
rNeg    + . .        d - +0 ring mail
rPois   inf          (no helmet)
rElec   +            (no cloak)
rCorr   .            a - -2 pair of gloves of the Trilobite {Str+3 Dex+4}
SInv    .            (no boots)
Will    .....        (no amulet)
Stlth   +            c - +4 ring of protection
HPRegen 0.26/turn    (no ring)
MPRegen 0.10/turn

%: no passive effects
@: no status effects
A: sickness immunity, AC +4, negative energy resistance 1, electricity
resistance, torment resistance 1, petrification resistance
a: no special abilities


You were on level 4 of the Dungeon.
You visited 1 branch of the dungeon, and saw 4 of its levels.

You collected 183 gold pieces.


Innate Abilities, Weirdness & Mutations

You are immune to sickness and miasma.
Your stone body is resilient. (AC +4)
You are immune to poison.
You resist negative energy. (rN+)
You are resistant to electric shocks. (rElec)
You are resistant to unholy torment.
You are immune to petrification.


   Skills:
 - Level 4.0 Fighting
 + Level 6.8 Ranged Weapons
 - Level 1.2 Armour
 - Level 1.5 Dodging
 - Level 1.1 Stealth


You had 5 spell levels left.
You didn't know any spells.
Your spell library was empty.

Inventory:

Hand Weapons
 Y - a +0 shortbow (weapon)
Armour
 a - the -2 pair of gloves of the Trilobite (worn) {Str+3 Dex+4}
   (You acquired it on level 1 of the Dungeon)

   Str:       It affects your strength (+3).
   Dex:       It affects your dexterity (+4).
 d - a +0 ring mail (worn)
Jewellery
 c - a +4 ring of protection (left hand)
Scrolls
 b - 2 scrolls of identify
Potions
 e - 2 potions of heal wounds
 f - a potion of haste
 h - a potion of curing
 j - a potion of resistance

Dungeon Overview and Level Annotations

Branches:
Dungeon (4/15)
 Temple: D:4-7

Altars:


Message History

You kill the orc!
An adder comes into view.
You shoot an arrow. The adder hisses angrily.
The arrow hits the adder.
The adder is lightly wounded.
You hear a shout!
You start resting.
An adder is nearby!
You shoot an arrow. The arrow hits the adder!
The adder is almost dead.
An ogre comes into view. It is wielding a +0 giant club.
An orc wizard comes into view. It is wielding a +0 dagger.
The ogre moves out of view.
You shoot an arrow. The arrow barely misses the orc wizard.
You shoot an arrow. The arrow closely misses the adder.
2279 ||| Stepping ~*~*~tactically~*~*~ (outnumbered).
You shoot an arrow. The arrow hits the adder.
You kill the adder!
You shoot an arrow. The arrow hits the ogre.
The ogre is lightly wounded.
The ogre hits you with a +0 giant club!
You shoot an arrow. The arrow hits the ogre.
The ogre is lightly wounded.
The ogre hits you with a +0 giant club.
You shoot an arrow. The arrow hits the ogre!
The ogre is moderately wounded.
You shoot an arrow. The arrow hits the ogre.
The ogre is heavily wounded.
The ogre hits you with a +0 giant club!
You shoot an arrow. The arrow hits the ogre.
The ogre is severely wounded.
The ogre closely misses you.
You shoot an arrow. The arrow barely misses the ogre.
The ogre closely misses you.
You shoot an arrow. The arrow hits the ogre.
The ogre is severely wounded.
The ogre hits you with a +0 giant club!!
Ouch! That really hurt!
You die...

#.#+####.... #.#
#.... #.# ###....
#.# ....... #.#
####### #.# # #<# #
###################
#.@................
#O#################
#o #. ). ). ... ...


You could see an ogre and an orc wizard.

Vanquished Creatures
  Sigmund (D:2)
  2 orc priests (D:3)
  Jessica (D:2)
  4 adders
  A worm (D:2)
  2 dart slugs (D:1)
  7 orcs
  3 bats
  2 endoplasms
  2 giant cockroaches (D:2)
  3 goblins
  6 hobgoblins
  2 kobolds
  4 quokkas
  4 ball pythons
  A frilled lizard (D:2)
  5 rats
50 creatures vanquished.

Notes
Turn   | Place    | Note
-------+----------+-------------------------------------------
     0 | D:1      | qw the Gargoyle Hunter began the quest for the Orb.
     0 | D:1      | Reached XP level 1. HP: 12/12 MP: 1/1
     0 | D:1      | 0 ||| qw: Version: 0.2-a-29-gc1b59c4
     0 | D:1      | 0 ||| qw: Game counter: 4815
     0 | D:1      | 0 ||| qw: Always use a shield: true
     0 | D:1      | 0 ||| qw: God list: Okawaru
     0 | D:1      | 0 ||| qw: Allow faded altars: false
     0 | D:1      | 0 ||| qw: Do Orc after D:15 true
     0 | D:1      | 0 ||| qw: Do second Lair branch before Depths: true
     0 | D:1      | 0 ||| qw: Lair rune preference: random
     0 | D:1      | 0 ||| qw: Plans: Normal, Zot:1-4, Slime:5, God:TSO, Crypt,
                  | Tomb, Abyss, Pan, Hells, Win
     0 | D:1      | 0 ||| PLANNING D:1-11
    18 | D:1      | 18 ||| FLEEEEING.
   376 | D:1      | Reached XP level 2. HP: 17/17 MP: 2/2
   554 | D:1      | 554 ||| UPGRADING to +0 ring mail.
   564 | D:1      | 564 ||| DROPPING +0 leather armour.
   565 | D:1      | 565 ||| READING 2 scrolls labelled MIUL HAEWOE.
   565 | D:1      | Identified 2 scrolls of acquirement
   565 | D:1      | 565 ||| ACQUIRING +4 ring of protection
   565 | D:1      | Acquired a +4 ring of protection
   566 | D:1      | 566 ||| READING scroll of acquirement.
   566 | D:1      | 566 ||| ACQUIRING -2 pair of gloves of the Trilobite {Str+3
                  | Dex+4}
   566 | D:1      | Acquired the -2 pair of gloves of the Trilobite {Str+3
                  | Dex+4}
   568 | D:1      | 568 ||| UPGRADING to -2 pair of gloves of the Trilobite
                  | {Str+3 Dex+4}.
   573 | D:1      | 573 ||| UPGRADING to +4 ring of protection.
   574 | D:1      | 574 ||| READING scroll labelled ONOSYSM VAEF.
   575 | D:1      | 575 ||| READING scroll labelled NYEGGA LOYTAXI.
   576 | D:1      | 576 ||| DRINKING 3 viscous puce potions.
   577 | D:1      | 577 ||| DROPPING scroll of butterflies.
   628 | D:2      | Reached skill level 1 in Armour
   628 | D:2      | Reached XP level 3. HP: 21/21 MP: 3/3
   769 | D:2      | Found the +8 trident of the Octopus King {venom, rElec
                  | rPois}
   850 | D:2      | Noticed Sigmund
   861 | D:2      | HP: 4/21 [something/puff of flame (11)]
   867 | D:2      | HP: 5/21 [something (1)]
   870 | D:2      | Killed Sigmund
   871 | D:2      | Reached skill level 6 in Ranged Weapons
   871 | D:2      | Reached XP level 4. HP: 4/26 MP: 4/4
   871 | D:2      | Reached XP level 5. HP: 4/30 MP: 5/5
  1090 | D:2      | Noticed Jessica
  1091 | D:2      | Killed Jessica
  1092 | D:2      | Reached XP level 6. HP: 36/36 MP: 6/6
  1504 | D:2      | 1504 ||| READING 2 scrolls labelled HOAPAO LE ATA.
  1505 | D:2      | 1505 ||| READING scroll labelled HIAPLA ERRUTZ.
  1509 | D:2      | 1509 ||| DRINKING 2 black potions.
  1510 | D:2      | 1510 ||| DROPPING potion of degeneration.
  1545 | D:3      | Reached skill level 3 in Fighting
  2126 | D:3      | 2126 ||| READING scroll labelled QEARIO AVALYE.
  2127 | D:3      | 2127 ||| READING scroll labelled YTHRENW UCZOE.
  2128 | D:3      | 2128 ||| READING scroll labelled XEYBIU URIPRO.
  2129 | D:3      | 2129 ||| READING 6 scrolls of identify.
  2129 | D:3      | 2129 ||| IDENTIFYING lumpy pink potion
  2130 | D:3      | 2130 ||| READING 5 scrolls of identify.
  2130 | D:3      | 2130 ||| IDENTIFYING puce potion
  2131 | D:3      | 2131 ||| READING 4 scrolls of identify.
  2131 | D:3      | 2131 ||| IDENTIFYING fuming grey potion
  2132 | D:3      | 2132 ||| READING 3 scrolls of identify.
  2132 | D:3      | 2132 ||| IDENTIFYING lumpy white potion
  2133 | D:3      | 2133 ||| DROPPING potion of berserk rage.
  2279 | D:4      | 2279 ||| Stepping ~*~*~tactically~*~*~ (outnumbered).
  2288 | D:4      | Mangled by an ogre

Levels and vault maps discovered:
D:1:      mrwooster_arrival_statue_3, layout_basic
D:2:      layout_basic, uniq_jessica, uniq_sigmund
D:3:      layout_rooms, minmay_crystal_room, interstate_on_off
D:4:      layout_basic

Skill      XL: |  1  2  3  4  5  6 |
---------------+-------------------+-----
Armour         | 1 |  1.2
Ranged Weapons | 6 |  6.8
Fighting       | 4 |  4.0
Dodging        | |  1.5
Stealth        | |  1.1

Action                     |  1- 3 |  4- 6 || total
---------------------------+-------+-------++-------
   Fire: Shortbow          |    65 |   103 ||   168
    Use: Scroll            |     4 |     9 ||    13
         Potion            |     1 |     1 ||     2
 Armour: Leather armour    |     1 |       ||     1
         Ring mail         |     4 |    27 ||    31
  Dodge: Dodged            |     4 |    36 ||    40

Table legend:
 A = Non-vault XP
 B = Vault XP
 C = Vault XP percentage of total XP
 D = Non-vault monster count
 E = Vault monster count
 F = Vault count percentage of total count
                 A         B        C        D         E       F
            +---------+---------+-------+---------+---------+-------
      Total |     220 |     276 |  55.6 |      48 |       2 |   4.0
            +---------+---------+-------+---------+---------+-------
        D:1 |      28 |       0 |   0.0 |      14 |       0 |   0.0
        D:2 |      27 |     276 |  91.1 |       8 |       2 |  20.0
        D:3 |     142 |       0 |   0.0 |      21 |       0 |   0.0
        D:4 |      23 |       0 |   0.0 |       5 |       0 |   0.0
            +---------+---------+-------+---------+---------+-------
